Cogmind - Beta 13 @@@ ROGUE MODE // 2024.04.10 @ 14:12:40 Player: Vriska Result: Destroyed by RJ-FAH(R) with Subdweller Machine Gun Performance ------------- Evolutions (0) 0 Regions Visited (3) 600 Robots Destroyed (36) 180 Value Destroyed (839) 839 Prototype IDs (1) 20 Alien Tech Used (0) 0 Bonus (42) 42 TOTAL SCORE: 1681 Bonus ------- High Alert Combat Kills 42 Cogmind --------- Core Integrity 0/250 Matter 243/300 Energy 280/280 System Corruption 4% Temperature Cool (0) Movement Treading (240) Ox1 Location -10/Subcaves Parts ------- > --- POWER (1) -------- Cooled Ion Engine > --- PROPULSION (2) --- Light Treads > --- UTILITY (2) ------ Medium Storage Unit Hacking Suite > --- WEAPON (2) ------- Minigun Datajack > --- INVENTORY (10) --- Cooled Ion Engine Visual Processing Unit Visual Processing Unit Advanced Visual Processing Unit Signal Interpreter Targeting Computer Powered Cannon Heavy Battle Rifle Heavy Explosive Trap Peak State ------------ > --- POWER ------------ Cooled Ion Engine > --- PROPULSION ------- Improved Aluminum Leg Improved Aluminum Leg > --- UTILITY ---------- Medium Storage Unit Hacking Suite > --- WEAPON ----------- Minigun Datajack > --- INVENTORY -------- Cooled Ion Engine Improved Aluminum Leg Visual Processing Unit Visual Processing Unit Signal Interpreter Targeting Computer Rocket Launcher Mining Laser Heavy Explosive Trap [Rating: 16] Favorites ----------- Power Cooled Ion Engine Engine Cooled Ion Engine Propulsion Light Treads Treads Light Treads Leg Improved Aluminum Leg Utility Hacking Suite Storage Medium Storage Unit Hackware Hacking Suite Weapon Datajack Ballistic Gun Assault Rifle Launcher Rocket Launcher Special Weapon Mining Laser Special Melee Weapon Datajack Build | -11 -10 -10 -10 ------- Run | Yrd Mat Min Sub Slots Evolved . | . . . . Power . | . . . . Propulsion . | . . . . Utility . | . . . . Weapon . | . . . . Parts Attached 26 | 6 9 8 3 Power 3 | 1 2 . . Engine 3 | 1 2 . . Core . | . . . . Reactor . | . . . . Propulsion 8 | 2 2 4 . Treads 4 | 2 . 2 . Leg 4 | . 2 2 . Wheel . | . . . . Hover . | . . . . Flight . | . . . . Utility 3 | 1 2 . . Device . | . . . . Storage 2 | 1 1 . . Processor . | . . . . Hackware 1 | . 1 . . Protection . | . . . . Artifact . | . . . . Weapon 12 | 2 3 4 3 Energy Gun . | . . . . Energy Cannon . | . . . . Ballistic Gun 5 | 2 . 2 1 Ballistic Cannon . | . . . . Launcher 4 | . 2 2 . Special Weapon 1 | . . . 1 Impact Weapon . | . . . . Slashing Weapon . | . . . . Piercing Weapon . | . . . . Special Melee Weapon 2 | . 1 . 1 Unidentified Prototypes 1 | . 1 . . Parts Lost 2 | . . . 2 Power . | . . . . Propulsion 1 | . . . 1 Utility . | . . . . Weapon 1 | . . . 1 Highest Loss Streak 1 | . . . 1 To Critical Strikes . | . . . . Average Slot Usage (%) 99 | . 99 99 99 Engine 14 | . 14 14 14 Treads 20 | . 22 3 27 Leg 7 | . 5 23 . Storage 14 | . 14 14 14 Hackware 13 | . 13 14 14 Ballistic Gun 14 | . 22 8 11 Launcher 2 | . 3 5 . Special Weapon 1 | . . . 2 Special Melee Weapon 9 | . 1 14 13 Naked Turns . | . . . . Heaviest Build 23 | 14 23 23 22 Greatest Support 40 | 40 40 40 40 Greatest Overweight (x) 7 | . 6 7 . Average Overweight (x) . | . . . . Largest Inventory Capacity 10 | 8 10 10 10 Average Capacity 9 | 6 9 10 10 Most Carried 10 | 5 10 10 10 Average Carried 8 | 2 6 9 9 Final Capacity 10 | 8 10 10 10 Final Carried 10 | 2 9 9 10 Class Distribution -------------------- 88% | Mutant 11% | Scavenger-Mutant Dominant Class ---------------- Mutant | -10/Materials Mutant | -10/Mines Mutant | -10/Subcaves Resources | -11 -10 -10 -10 ----------- Run | Yrd Mat Min Sub Matter Collected 1162 | 198 352 451 161 Remotely . | . . . . Salvage Created 831 | . 258 444 129 Parts 67 | . 28 28 11 Haulers Intercepted . | . . . . Recyclers Shooed 2 | . 2 . . Parts Field Recycled . | . . . . Retrieved Matter . | . . . . Parts Self-Destructed 3 | . . . 3 Prevented . | . . . . Kills | -11 -10 -10 -10 ------- Run | Yrd Mat Min Sub Combat Hostiles Destroyed 30 | . 9 18 3 Guns 12 | . 6 3 3 AOE 18 | . 3 15 . Classes Destroyed 8 | . 4 3 1 Worker 1 | . . 1 . Tunneler 1 | . . 1 . Recycler 1 | . . 1 . Operator 1 | . 1 . . Watcher 2 | . 2 . . Swarmer 14 | . 5 9 . Grunt 13 | . 4 9 . Subdweller 3 | . . . 3 Best Kill Streak 7 | . 3 7 3 Combat Bots Only 5 | . 3 5 3 Max Kills in Single Turn 3 | . 2 3 1 Gunslinging . | . . . . Exploded 3 | . 2 3 . Melee . | . . . . Uniques/NPCs Destroyed . | . . . . Combat | -11 -10 -10 -10 -------- Run | Yrd Mat Min Sub Hostile Shots Fired 113 | . 54 21 38 Missed 37 | . 15 12 10 Damage Taken 1377 | . 560 216 601 Core 272 | . 79 49 144 Absorbed by Shields . | . . . . Core Remaining (%) 100 | 100 . . . Volleys Fired 104 | . 41 25 38 Largest 2 | . 2 1 1 Hottest 100 | . 66 33 100 Shots Fired 145 | . 82 25 38 Gun 113 | . 78 7 28 Cannon . | . . . . Launcher 22 | . 4 18 . Special 10 | . . . 10 Kinetic 113 | . 78 7 28 Thermal 10 | . . . 10 Explosive 22 | . 4 18 . Electromagnetic . | . . . . Robot Hit Streak 24 | . 4 4 24 Robot Miss Streak 4 | . 4 4 2 Penetration Max . | . . . . Secondary Targets 2 | . 2 . . Max Gunslinging Chain 1 | . 1 . . Shots Hit Robots 80 | . 37 15 28 Core Hits 52 | . 21 24 7 Critical Kills . | . . . . Critical Parts Destroyed . | . . . . Critical Strikes . | . . . . Melee Attacks 6 | . . 2 4 Impact . | . . . . Slashing . | . . . . Piercing . | . . . . Sneak Attacks 2 | . . 2 . Combat Hostiles . | . . . . Follow-up Attacks . | . . . . Damage Inflicted 2379 | . 650 1318 411 Guns 985 | . 513 61 411 Cannons . | . . . . Explosions 1394 | . 137 1257 . Melee . | . . . . Ramming . | . . . . Kinetic 985 | . 513 61 411 Thermal . | . . . . Explosive 1394 | . 137 1257 . Electromagnetic . | . . . . Impact . | . . . . Slashing . | . . . . Piercing . | . . . . Highest Corruption 4 | . 4 4 4 Average Corruption 3 | . 3 4 4 Corruption Purged . | . . . . Corruption Blocked . | . . . . Effects 59 | . 8 19 32 Message Errors 14 | . . 4 10 Matter Fused 19 | . 5 5 9 Heat Flow Errors 7 | . . 4 3 Energy Discharges 8 | . . 5 3 Data Loss (minor) 8 | . 2 . 6 Data Loss (major) 2 | . . 1 1 Misfires 1 | . 1 . . Overload Shots . | . . . . Overflow Damage 73 | . . 73 . Projectiles . | . . . . Explosions 73 | . . 73 . Melee . | . . . . Knockbacks . | . . . . Impact . | . . . . Kinetic . | . . . . Secondary . | . . . . Self-Inflicted Damage 247 | . 119 128 . Shots 8 | . 3 5 . Rammed . | . . . . Targets Rammed . | . . . . Kicked . | . . . . Crushed . | . . . . Highest Temperature 235 | . 6 235 232 Average Temperature 84 | . 4 93 96 Received Heat Transfer 198 | . 162 18 18 Siege Activations . | . . . . Robots Corrupted . | . . . . Combat Hostiles . | . . . . Parts Fried . | . . . . Impact Corruptions . | . . . . Robots Melted . | . . . . Combat Hostiles . | . . . . Parts Melted . | . . . . Heat Transferred . | . . . . Parts Sabotaged . | . . . . Parts Stolen . | . . . . Parts Stripped . | . . . . Power Chain Reactions . | . . . . Alert | -11 -10 -10 -10 ------- Run | Yrd Mat Min Sub Peak Influence 522 | . 229 522 . Initial 45 | . . 45 . Average 192 | . 82 365 . Maximum Alert Level 2 | . 1 2 . Low Security (%) 53 | 100 88 . . Level 1 24 | . 11 44 . Level 2 21 | . . 54 . Level 3 . | . . . . Level 4 . | . . . . Level 5 . | . . . . High Security . | . . . . Max Security . | . . . . Squads Dispatched 4 | . 3 1 . Investigation 2 | . 1 1 . Extermination . | . . . . Reinforcement 2 | . 2 . . Assault . | . . . . Garrison . | . . . . Intercept . | . . . . Searches Triggered . | . . . . Construction Impeded . | . . . . Haulers Reinforced . | . . . . Active Scanning Responses . | . . . . Cargo Convoy Interrupts . | . . . . Stealth | -11 -10 -10 -10 --------- Run | Yrd Mat Min Sub Distress Signals 4 | . 4 . . Communications Jammed . | . . . . Distress Signals . | . . . . Times Spotted 40 | . 22 13 5 Peak Tracking Total 4 | . 4 4 3 Tactical Retreats 6 | . 5 1 . Traps | -11 -10 -10 -10 ------- Run | Yrd Mat Min Sub Traps Triggered 3 | . 3 . . Indirectly . | . . . . Trap Hack Attempts . | . . . . Triggered . | . . . . Disarmed . | . . . . Reprogrammed . | . . . . Reused . | . . . . Traps Extracted . | . . . . Installed . | . . . . Triggered . | . . . . Most Traps Carried 1 | . . 1 1 Machines | -11 -10 -10 -10 ---------- Run | Yrd Mat Min Sub Machines Disabled 1 | . . 1 . Max in Single Turn 1 | . . 1 . Machines Repaired . | . . . . Machines Dismantled . | . . . . Machines Sabotaged . | . . . . Overloaded Fab Kills . | . . . . Hacking | -11 -10 -10 -10 --------- Run | Yrd Mat Min Sub Machines Accessed 4 | . 3 1 . Terminals 1 | . 1 . . Fabricators . | . . . . Repair Stations . | . . . . Recycling Units 2 | . 2 . . Scanalyzers . | . . . . Garrison Access . | . . . . Total Hacks 5 | . 4 1 . Successful 5 | . 4 1 . Failed . | . . . . Catastrophic . | . . . . Database Lockouts . | . . . . Manual 5 | . 5 . . Terminals 2 | . 2 . . Fabricators . | . . . . Repair Stations . | . . . . Recycling Units 2 | . 2 . . Scanalyzers . | . . . . Garrison Access . | . . . . Terminal Hacks 3 | . 2 1 . Record 1 | . 1 . . Open Door 1 | . . 1 . Alert Level 1 | . 1 . . Fabricator Hacks . | . . . . Repair Station Hacks . | . . . . Recycling Unit Hacks 2 | . 2 . . Report Inventory 2 | . 2 . . Scanalyzer . | . . . . Garrison Access Hacks . | . . . . Unauthorized Hacks . | . . . . Terminals . | . . . . Fabricators . | . . . . Repair Stations . | . . . . Recycling Units . | . . . . Scanalyzers . | . . . . Garrison Access . | . . . . Data Cores Recovered . | . . . . Used . | . . . . Hacking Detections 1 | . 1 . . Full Trace Events . | . . . . Feedback Events . | . . . . Feedback Blocked . | . . . . Robot Schematics Acquired . | . . . . Robots Built . | . . . . Authchips . | . . . . Time . | . . . . Total Robot Build Rating . | . . . . Part Schematics Acquired . | . . . . Parts Built . | . . . . Authchips . | . . . . Time . | . . . . Total Part Build Rating . | . . . . Parts Repaired . | . . . . Time . | . . . . Parts Recycled . | . . . . Recycled Matter . | . . . . Retrieved Matter . | . . . . Retrieved Components . | . . . . Parts Scanalyzed . | . . . . Part Schematics Acquired . | . . . . Parts Damaged . | . . . . Bothacking | -11 -10 -10 -10 ------------ Run | Yrd Mat Min Sub Used RIF Installer . | . . . . Robots Hacked 1 | . . . 1 Non-combat . | . . . . Combat 1 | . . . 1 Robot Hacks Applied 1 | . . . 1 parse_system 1 | . . . 1 Relay Couplers Released . | . . . . Fabnet Peak Effective % . | . . . . Robots Rewired . | . . . . Allies Hacked . | . . . . Hacks Repelled . | . . . . Allies | -11 -10 -10 -10 -------- Run | Yrd Mat Min Sub Total Allies . | . . . . Largest Group . | . . . . Highest-Rated Group . | . . . . Highest-Rated Ally . | . . . . Total Orders . | . . . . Ally Attacks . | . . . . Total Damage . | . . . . Kills . | . . . . Allies Corrupted . | . . . . Allies Melted . | . . . . Intel | -11 -10 -10 -10 ------- Run | Yrd Mat Min Sub Robot Analysis Total . | . . . . Derelict Logs Recovered 1 | . . 1 . Drone Launches . | . . . . Drone Recoveries . | . . . . Exploration | -11 -10 -10 -10 ------------- Run | Yrd Mat Min Sub Turns Passed 3880 | 77 1223 863 1717 Spaces Moved 2334 | 53 679 625 977 Core 25 | 19 2 4 . Treads 1579 | 34 499 69 977 Legs 730 | . 178 552 . Wheels . | . . . . Hover . | . . . . Flight . | . . . . Fastest Speed 50 | 50 120 120 160 Average Speed 147 | 120 150 126 160 Slowest Speed 400 | 160 350 400 160 Overloaded Moves . | . . . . Propulsion Burnouts . | . . . . Robots Hopped . | . . . . Cave-ins Triggered . | . . . . Exploration Rate (%) 56 | 4 82 94 46 Regions Visited 3 Branch Regions 2 Pre-discovered Areas . | . . . . Known Exits Taken . | . . . . Unknown Exits Taken 3 | 1 1 1 . Scrap Searched 7 | . . 1 6 Spaces Dug . | . . . . Terrain Destroyed 222 | . 42 180 . Melee . | . . . . Projectile . | . . . . AOE 222 | . 42 180 . Terrain Rammed . | . . . . Walls Destroyed . | . . . . Machines Disabled . | . . . . Actions | -11 -10 -10 -10 --------- Run | Yrd Mat Min Sub Total 2624 | 66 807 673 1078 Wait 100 | . 47 4 49 Move 2331 | 52 678 624 977 Hop . | . . . . Pick Up 37 | 8 20 5 4 Fast Attach . | . . . . Attach 18 | 6 8 2 2 Detach . | . . . . Swap 8 | . 1 6 1 Drop 20 | . 12 5 3 Fire 104 | . 41 25 38 Melee 6 | . . 2 4 Ram . | . . . . Kick . | . . . . Crush . | . . . . Escape Stasis . | . . . . Rewire . | . . . . Trap . | . . . . Miscellaneous . | . . . . Route ------- -11/Scrapyard -10/Materials (discovered 4 exits: [*Mat x2] / *Min x2) -10/Mines (discovered 3 exits: [*Mat x2] / [*Sub]) -10/Subcaves History --------- Turn | Location | Event 7 | -11/Scrapyard | Discovered new exit (range 13) 78 | -11/Scrapyard | Entered Materials 302 | -10/Materials | Build established: Mutant 406 | -10/Materials | Discovered new exit (range 5) 755 | -10/Materials | Discovered new exit (range 10) 849 | -10/Materials | Discovered new exit (range 8) 1000 | -10/Materials | Derelicts attacked the area 1259 | -10/Materials | Discovered new exit (range 16) 1301 | -10/Materials | Entered Mines 1303 | -10/Mines | Discovered new exit (range 11) 1425 | -10/Mines | Learned Materials garrison access intel 1447 | -10/Mines | Discovered new exit (range 8) 1505 | -10/Mines | Found a hidden stash of uninstalled traps 1618 | -10/Mines | Met a Derelict shopkeep closing up shop 1701 | -10/Mines | Core integrity fell below 50% 1819 | -10/Mines | Assisted by bots powering up and referring to "LRC-V3" 2003 | -10/Mines | Joined a pair of Derelicts in attacking an 0b10 outpost 2142 | -10/Mines | Discovered new exit (range 9) 2164 | -10/Mines | Entered Subcaves 2185 | -10/Subcaves | A swath of the cavern ceiling suddenly collapsed 2325 | -10/Subcaves | Build established: Scavenger-Mutant 2470 | -10/Subcaves | A Subdweller sparked back to life 2470 | -10/Subcaves | A Subdweller sparked back to life 2470 | -10/Subcaves | A Subdweller sparked back to life 2528 | -10/Subcaves | Found Prototype Energy Cannon 2644 | -10/Subcaves | Shifting Twisted Machinery released Battle Cannon 2650 | -10/Subcaves | Shifting Twisted Machinery released Scrap Shield 2789 | -10/Subcaves | Build established: Mutant 3656 | -10/Subcaves | Shifting Twisted Machinery released Flamer 3657 | -10/Subcaves | Shifting Twisted Machinery released Battle Cannon 3859 | -10/Subcaves | Core integrity fell below 20% 3881 | -10/Subcaves | Destroyed by RJ-FAH(R) with Subdweller Machine Gun Last Messages --------------- System corrupted: Heat flow error (+153). System corrupted: Energy discharge (-95). 0F-Q02(u) deconstructs Twisted Machinery. Flamer falls loose from the Twisted Machinery. Battle Cannon falls loose from the Twisted Machinery. System corrupted: Matter fused (-9). AOKAD0L#QTBW N,CMVJR %M85QB>parse_system Reading system data... System corrupted: Heat flow error (+148). Lgt. Treads destroyed. Map ----- +----------------------------------------------------+ | ?????????????????????????????????????????????????? | | ?????????????????????????????????????????????????? | | ?????????????????????????????????????????????????? | | ?????????????????????????????????????????????????? | | ?????????????????????????????????????????????????? | | ?????????????????????????????????????????????????? | | ?????????????????????????????????????????????????? | | ?????????????????????????????????????????????????? | | ?????????????????????????????????????????????????? | | ?????????????????????????????????????????????????? | | ?????????????????????????????????????????????????? | | ?????????????????????????????????????????????????? | | ?????????????????????????????????????????????????? | | ?????????????????????????????????????????????????? | | ?????????????????????????????????????????????????? | | ?????????????????????????????????????????????????? | | ?????????????????????????????????????????????????? | | ?????????????????????????????????????????????????? | | ?????????????????????????????????????????????????? | | ??????????????????????????##?????????????????????? | | ?????????????????????????#$??????????????????????? | | ???????????????????????##" ??????????????????????? | | ???????????????????????# ?????????###???????????? | | ???????????????????????# ????###### #???????????? | | ???????????????????????# ###### #???????????? | | ???????????????### #### @ <## ##???????????? | | ???????????????#$$ R R =## ## #???????????? | | ??????????????#" ##### ## ##?##???????????? | | ??????????????#< # &### #???????????????? | | ???????????????# ## #?# ##??????????????? | | ???????????????##"" ## "####?# #??????????????? | | ??????????????#######" ###?## ##??????????????? | | ??????????????# ### " ### #???????????????? | | ??????????????# ##???????????????? | | ?????????????## #### #### ###????????????????? | | ????????????## ## ### #??????????????????? | | ????????????# ####???????????????? | | #??####????## #???????????????? | | #### ##???# ##??????????????? | | ##??## ##?????????????? | | #### ##??### #?????????????? | | #??# ####?## ### ##????????????? | | #### ##?## ##?## #????????????? | | ## ##?####???### ##???????????? | | # ########???## |##??????????? | | ## #?#### """#?????????? | | # ### ### ## "]""?????????? | | ## #?## ## """"?????????? | | ?# #### #?# """"?????????? | | ?###??## ## #### #####""""?????????? | +----------------------------------------------------+ Best States ------------- Heat Dissipation 25 Energy Generation 14 Energy Capacity 280 Matter Stores 300 Matter Capacity 300 Sight Range 16 Terrain Scan Density 10 Evasion (%) 55 Recoil Reduction 2 Offensive Hacking 10 Item Schematics ----------------- None Robot Schematics ------------------ None Fabricated ------------ Nothing Alien Tech Used ----------------- None Achievements -------------- Maybe Next Time I'll Detach My Launcher Challenges ------------ None Game ------ Seed LinkedSignalMace Manual? 0 Play Time 00:21:53 Cumulative 11.4 hours Start 2024.04.10 @ 13:49:48 End 2024.04.10 @ 14:12:40 Sessions 1 Manual Loads 0 Difficulty Rogue Special Mode None Game No. 25 Rogue 25 Adventurer 0 Explorer 0 Win Type - Total 0 Types 0/0/0/0/0/0/0/0/0 Lore% 19 Gallery% 16 Achievement% 17 Wizard Run 0 Options --------- Layout 0 ASCII 0 Keyboard 0 Movement Arrows Keybinds 0 Fullscreen 1 Font 18/SmallcapsGlow Map View 76x50 Zoom Use 0% Tactical HUD 0 Map Filters NONE Filters NONE Steam 1 RUN: 38f3cd3c-684d-4dd6-8eb3-7341e58aba92